 Dungeon Sprint DCSS version 0.30-a0-989-g0d87f670db (webtiles) character file.

Game seed: 1738646082005638333

1703 rocky1 the Spear-Bearer (level 9, -3/77 HPs)
             Began as a Formicid Fighter on Apr 4, 2023.
             Was an Initiate of Gozag.
             Slain by Snorg (6 damage)
             ... in the Dungeon (Sprint III: "The Ten Rune Challenge").
             The game lasted 00:06:41 (1686 turns).

rocky1 the Spear-Bearer (Formicid Fighter)          Turns: 1686, Time: 00:06:42

Health: -3/77      AC: 14    Str: 30    XL:     9   Next: 23%
Magic:  9/9        EV:  8    Int:  6    God:    Gozag
Gold:   265        SH:  6    Dex: 12    Spells: 8/8 levels left

rFire   . . .      SeeInvis +    a - +0 trident
rCold   . . .      Faith    .    c - +0 buckler
rNeg    . . .      Spirit   .    k - +0 plate armour
rPois   .          Reflect  .    (helmet unavailable)
rElec   .          Rampage  .    (no cloak)
rCorr   .                        (no gloves)
Will    .....                    (no boots) Stlth
                                 (no amulet)
HPRegen 0.32/turn                (no ring)
MPRegen 0.11/turn                (no ring)

@: mighty
A: permanent stasis, dig shafts and tunnels, antennae 3, four strong arms, claws
1, strong 1
a: Dig, Renounce Religion, Potion Petition, Call Merchant, Bribe Branch


You were in the Dungeon.
You worshipped Gozag.
Gozag was aware of your devotion.
You visited 1 branch You collected 3280 gold pieces.
You spent 1620 gold pieces at shops.
You paid 1395 gold pieces to Gozag.

Inventory:

Hand Weapons
 a - a +0 trident (weapon)
 i - a +0 sling
Armour
 b - a +0 scale mail
 c - a +0 buckler (worn)
 k - a +0 plate armour (worn)
Jewellery
 f - a ring of protection from cold
 p - a ring of protection from cold
 q - a ring of flight
 r - a ring of protection from fire
 s - an amulet of guardian spirit
Wands
 e - a wand of roots (14)
Scrolls
 h - a scroll of blinking
 j - a scroll of torment
 m - a scroll of immolation
Potions
 g - 2 potions of magic
 l - a potion of degeneration
 n - a potion of attraction {unknown}
 o - 5 potions of mutation
 u - a potion of curing
 v - a potion of invisibility
 w - 2 potions of flight
Miscellaneous
 d - a lightning rod (inert)


   Skills:
 + Level 9.6 Fighting
 * Level 12.4 Polearms
 + Level 10.2 Armour
 + Level 2.6 Dodging
 - Level 1.0 Stealth
 * Level 10.5 Shields
 * Level 5.8 Evocations


You had 8 spell levels left.
You didn't know any spells.
Your spell library contained the following spells:

 Spells                   Type           Power      Damage    Failure   Level
 Magic Dart               Conj           0%         1d3       99%         1
 Slow                     Hex            0%         N/A       99%         1
 Searing Ray              Conj           0%         2d4       99%         2
 Confusing Touch          Hex            0%         N/A       100%        3
 Vampiric Draining        Necr           0%         2d6       100%        3
 Fulminant Prism          Conj/Hex       0%         3d5       100%        4


Dungeon Overview and Level Annotations

Branches:
Dungeon (1/1)

Altars:
Cheibriados
Dithmenos
Elyvilon
Fedhas
Gozag
Hepliaklqana
Kikubaaqudgha
Makhleb
Nemelex Xobeh
Okawaru
Qazlal
Ru
Sif Muna
Trog
Uskayaw
Vehumet
Wu Jian
Xom
Yredelemnul
Zin
The Shining One
Jiyva
Lugonu

Shops:
D !=(

Annotations:
D Snorg


Innate Abilities, Weirdness & Mutations

You cannot be hasted, slowed, berserked, paralysed or teleported.
You can dig through walls and to a lower floor.
You have a pair of large antennae on your head. (SInv)
Your four strong arms can wield two-handed weapons with a shield.
You have sharp fingernails.
Your muscles are strong. (Str +4, Int/Dex -1)


Message History

The thunderbolt hits Snorg!
Snorg is lightly wounded.
Snorg shouts!
Aiming: Thunderbolt
Press: ? - help, Shift-Dir - straight line, f/p - Snorg
Aim: Snorg (black smoke, lightly wounded)
The thunderbolt hits Snorg!
Snorg is moderately wounded.
Snorg goes berserk!
Aiming: Thunderbolt
Press: ? - help, Shift-Dir - straight line, f/p - Snorg
Aim: Snorg (black smoke, moderately wounded, berserk)
The thunderbolt hits Snorg!
Snorg is moderately wounded.
You block Snorg's attack. Snorg claws you! Snorg claws you.
Aiming: Thunderbolt
Press: ? - help, Shift-Dir - straight line, f/p - Snorg
Aim: Snorg (black smoke, moderately wounded, berserk)
The thunderbolt hits Snorg!!!
Snorg is severely wounded.
The lightning rod overheats!
Snorg bites you!! Snorg claws you. Snorg claws you!
Aiming: Fastroot
Press: ? - help, Shift-Dir - straight line, p - Snorg
Okay, then.
Okay, then.
You feel very mighty all of a sudden. Snorg bites you. Snorg claws you!
* * * LOW HITPOINT WARNING * * *
Snorg claws you but does no damage. You block Snorg's attack.
Snorg barely misses you. You block Snorg's attack.
You closely miss Snorg.
Snorg is heavily wounded.
Snorg closely misses you. Snorg claws you but does no damage. Snorg claws you!
* * * LOW HITPOINT WARNING * * *
You puncture Snorg!
Snorg is severely wounded.
You block Snorg's attack. Snorg claws you but does no damage. Snorg claws you.
You die...
Your body crumbles into a pile of gold.

♣.############$##..# .##
♣♣.#___#___#__###...###..+
♣..#...#__)#)_#.())......#
♣..###)#'###'##)[).)...#.#
{ ...#..........#[)))[.∩∩#
♣♣.'.⌠........#[#.#..∩#.#
...#...######'#.##.#.####
...#.⌠.#__#...#'######
...#...#__#...#.@§§~+
...#)###__#...#.#T§§#
...#...#__#...'.#§§.# {
...#___#__'...#.#§§.# { {{
▓▓▓▓▓▓▓▓▓▓▓▓▓▓▓▓▓▓▓▓▓ { {
{ {{ { {{


You could see Snorg (berserk).

Vanquished Creatures
  A deep elf pyromancer (D)
  A shadow (D)
  A spatial vortex (D)
  3 orc warriors (D)
  A necrophage (D)
  A water elemental (D)
  A jelly (D)
  3 orc priests (D)
  A wizard (D)
  Jessica (D)
  A necromancer (D)
  4 orc wizards (D)
  3 humans (D)
  A kobold demonologist (D)
  A wolf (D)
  7 orcs (D)
  A hobgoblin (D)
  3 rats (D)
35 creatures vanquished.

Vanquished Creatures (others)
  2 plants (D)
2 creatures vanquished.

Grand Total: 37 creatures vanquished

Notes
Turn   | Place    | Note
-------+----------+-------------------------------------------
     0 | D        | rocky1 the Formicid Fighter began the quest for the Orb.
     0 | D        | Reached XP level 1. HP: 18/18 MP: 1/1
    23 | D        | Noticed Jessica
    27 | D        | Killed Jessica
    28 | D        | Reached skill level 5 in Armour
    28 | D        | Reached skill level 5 in Shields
    28 | D        | Reached XP level 2. HP: 16/26 MP: 2/2
    28 | D        | Reached XP level 3. HP: 19/32 MP: 3/3
   107 | D        | Reached skill level 5 in Fighting
   243 | D        | Gained mutation: You have sharp fingernails. [potion of
                  | mutation]
   243 | D        | Gained mutation: Your muscles are strong. (Str +4, Int/Dex
                  | -1) [potion of mutation]
   283 | D        | Reached skill level 3 in Polearms
   283 | D        | Reached XP level 4. HP: 17/39 MP: 4/4
   448 | D        | Noticed a water elemental
   453 | D        | Killed a water elemental
   454 | D        | Reached skill level 4 in Polearms
   454 | D        | Reached XP level 5. HP: 12/46 MP: 5/5
   592 | D        | Noticed a shadow
   595 | D        | Reached skill level 1 in Dodging
   609 | D        | Killed a shadow
   610 | D        | Reached skill level 6 in Polearms
   610 | D        | Reached skill level 1 in Stealth
   610 | D        | Reached XP level 6. HP: 21/55 MP: 6/6
   730 | D        | Found a blossoming altar of Fedhas.
   730 | D        | Found a stormy altar of Qazlal.
   730 | D        | Found a snail-covered altar of Cheibriados.
   730 | D        | Found a burning altar of Makhleb.
   730 | D        | Found a shimmering altar of Xom.
   731 | D        | Found a hazy altar of Hepliaklqana.
   731 | D        | Found an opulent altar of Gozag.
   731 | D        | Found a sparkling altar of Nemelex Xobeh.
   731 | D        | Found a corrupted altar of Lugonu.
   731 | D        | Found a viscous altar of Jiyva.
   731 | D        | Noticed a spatial vortex
   739 | D        | Became a worshipper of Gozag Ym Sagoz the Greedy
   828 | D        | Found a basalt altar of Yredelemnul.
   828 | D        | Found a shadowy altar of Dithmenos.
   828 | D        | Found a sacrificial altar of Ru.
   847 | D        | Reached skill level 7 in Polearms
   847 | D        | Reached XP level 7. HP: 10/61 MP: 7/7
  1129 | D        | Found a radiant altar of Vehumet.
  1129 | D        | Found a shimmering blue altar of Sif Muna.
  1129 | D        | Found an ancient bone altar of Kikubaaqudgha.
  1137 | D        | Reached skill level 8 in Polearms
  1260 | D        | Found a glowing silver altar of Zin.
  1260 | D        | Found a glowing golden altar of the Shining One.
  1260 | D        | Found a white marble altar of Elyvilon.
  1260 | D        | Noticed a deep elf pyromancer
  1269 | D        | Killed a deep elf pyromancer
  1270 | D        | Reached skill level 10 in Polearms
  1270 | D        | Reached XP level 8. HP: 62/69 MP: 8/8
  1290 | D        | Found a hide-covered altar of Uskayaw.
  1290 | D        | Found an iron altar of Okawaru.
  1290 | D        | Found a bloodstained altar of Trog.
  1290 | D        | Found an ornate altar of the Wu Jian Council.
  1290 | D        | Noticed a human
  1290 | D        | Noticed a human
  1293 | D        | Killed a human
  1294 | D        | Killed a human
  1295 | D        | Reached skill level 11 in Polearms
  1400 | D        | Reached skill level 10 in Shields
  1400 | D        | Reached skill level 5 in Evocations
  1545 | D        | Reached skill level 10 in Armour
  1545 | D        | Reached XP level 9. HP: 55/76 MP: 9/9
  1549 | D        | Reached skill level 12 in Polearms
  1549 | D        | Found Egoceemo's Jewellery Emporium.
  1641 | D        | Bought a ring of protection from cold for 275 gold pieces
  1641 | D        | Bought a ring of protection from cold for 275 gold pieces
  1641 | D        | Bought a ring of flight for 192 gold pieces
  1641 | D        | Bought a ring of protection from fire for 275 gold pieces
  1641 | D        | Bought an amulet of guardian spirit for 330 gold pieces
  1646 | D        | Bought a potion of might for 52 gold pieces
  1646 | D        | Bought a potion of curing for 39 gold pieces
  1646 | D        | Bought a potion of invisibility for 104 gold pieces
  1650 | D        | Bought a potion of flight for 39 gold pieces
  1650 | D        | Bought a potion of flight for 39 gold pieces
  1674 | D        | Noticed Snorg
  1685 | D        | HP: 3/77 [Snorg (9)]
  1686 | D        | Slain by Snorg

Illustrated notes

Levels and vault maps discovered:
D:        dungeon_sprint_mu [sprint_mu_entry_forest, sprint_mu_temple_rooms,
          sprint_mu_d1_horrors, sprint_mu_d2_genie, sprint_mu_d3_branching,
          sprint_mu_orc_legion, sprint_mu_elf_gauntlet, sprint_mu_hive_nellie,
          sprint_mu_lair_fedhas, sprint_mu_vaults_butterflies,
          sprint_mu_slime_circle, sprint_mu_swamp_cave, sprint_mu_snake_twists,
          sprint_mu_blade_basic, sprint_mu_crypt_chambers,
          sprint_mu_tomb_spiral, sprint_mu_vestibule_basic,
          sprint_mu_gehenna_hellfire, sprint_mu_dis_giant,
          sprint_mu_tartarus_statrot, sprint_mu_cocytus_islands, sprint_mu_zot1]

Skill      XL: |  1  2  3  4  5  6  7  8  9 |
---------------+----------------------------+-----
Fighting       | 4 5 6 7 8 9 |  9.6
Armour         | 5 6 8 9 10 | 10.2
Shields        | 5 6 7 8 9 10 | 10.5
Polearms       | 3 4 6 7 10 11 12 | 12.4
Dodging        | 1 2 |  2.6
Stealth        | 1 |  1.0
Evocations     | 2 4 5 |  5.8

Action                     |  1- 3 |  4- 6 |  7- 9 || total
---------------------------+-------+-------+-------++-------
  Melee: Trident           |    43 |    39 |    47 ||   129
 Invoke: Call Merchant     |       |       |     2 ||     2
  Evoke: Lightning rod     |       |     1 |    12 ||    13
         Wand              |       |       |     1 ||     1
    Use: Potion            |     2 |     3 |     2 ||     7
         Scroll            |       |       |     3 ||     3
 Armour: Scale mail        |    10 |    10 |    11 ||    31
         Plate armour      |       |       |     3 ||     3
  Dodge: Dodged            |     5 |     8 |     7 ||    20
  Block: Buckler           |     9 |     9 |     8 ||    26

Table legend: (Time is in decaauts)
 A = Elapsed time spent in this place.
 B = Non-inter-level travel time spent in this place.
 C = Inter-level travel time spent in this place.
 D = Time resting spent in this place.
 E = Time spent auto-exploring this place.
 F = Levels seen in this place.
 G = Mean time per level.
                   A        B        C        D        E       F      G
               +--------+--------+--------+--------+--------+-----+--------+
         Total |   1688 |   1688 |      0 |   1137 |     65 |   1 | 1688.0 |
       Dungeon |   1688 |   1688 |      0 |   1137 |     65 |   1 | 1688.0 |
               +--------+--------+--------+--------+--------+-----+--------+

Top non-repeatable levels by time:
       D: 1688 daAuts
